 Dungeon Crawl Stone Soup version 0.20.1-1-g8b1a95d (webtiles) character file.

63 dohliylev the Sneak (level 3, -1/25 HPs)
             Began as a Vampire Enchanter on July 14, 2017.
             Slain by a worm (10 damage)
             ... on level 2 of the Dungeon.
             The game lasted 00:05:42 (1188 turns).

dohliylev the Sneak (Vampire Enchanter)             Turns: 1188, Time: 00:05:43

Health: -1/25      AC:  2    Str: 13    XL:     3   Next: 87%
Magic:  0/6        EV: 13    Int: 18    God:
Gold:   82         SH:  0    Dex: 14    Spells: 3/6 levels left

rFire    . . .     SeeInvis +   a - +3 dagger
rCold    . . .     Gourm    .   (no shield)
rNeg     + . .     Faith    .   b - +0 robe
rPois    .         Spirit   .   (no helmet)
rElec    .         Reflect  .   (no cloak)
rCorr    .         Harm     .   (no gloves)
MR       .....                  (no boots)
Stlth    +++.......             o - amulet of inaccuracy (curse)
Regen    0.1/turn               e - +6 ring of strength
MPRegen  0.1/turn               (no ring)

@: no status effects
A: fangs 3, see invisible, unbreathing
a: Bat Form


You were on level 2 of the Dungeon.
You were not thirsty.

You visited 1 branch of the dungeon, and saw 2 of its levels.

You collected 82 gold pieces.

Inventory:

Hand Weapons
 a - a +3 dagger (weapon)
Armour
 b - a +0 robe (worn)
Jewellery
 e - a +6 ring of strength (left hand)
 o - a cursed amulet of inaccuracy (around neck)
Scrolls
 g - a scroll of identify {unknown}
 h - a scroll of blinking {unknown}
 i - a scroll of teleportation {unknown}
 j - 2 scrolls of remove curse {unknown}
 n - a scroll of enchant weapon {unknown}
 p - a scroll of magic mapping {unknown}
Potions
 d - 6 potions of blood
 f - a potion of degeneration {unknown}
 k - a potion of heal wounds {unknown}
 l - a potion of berserk rage {unknown}
 m - 2 potions of curing {unknown}
Books
 c - a book of Maledictions

   Spells                             Type                      Level
   a - Corona                         Hexes                        1
   b - Ensorcelled Hibernation        Hexes/Ice                    2
   c - Confuse                        Hexes                        3
   d - Tukima's Dance                 Hexes                        3
   e - Dazzling Spray                 Conjuration/Hexes            3


   Skills:
 + Level 0.3 Fighting
 + Level 1.5 Short Blades
 + Level 2.7 Dodging
 + Level 5.3 Stealth
 + Level 2.2 Spellcasting
 + Level 5.2 Hexes
 + Level 0.4 Ice Magic


You had 3 spell levels left.
You knew the following spells:

 Your Spells              Type           Power        Failure   Level  Hunger
a - Corona                Hex            ###....      1%          1    #......
b - Ensorcelled Hibernat  Hex/Ice        ##....       9%          2    ##.....


Dungeon Overview and Level Annotations

Branches:
Dungeon (2/15)

Altars:


Innate Abilities, Weirdness & Mutations

You have razor-sharp teeth.
You have supernaturally acute eyesight. (SInv)
You can survive without breathing.


Message History

The worm resists with some effort.
Casting: Ensorcelled Hibernation
Confirm with . or Enter, or press ? or * to list all spells.
Aiming: Ensorcelled Hibernation
Press: ? - help, Shift-Dir - straight line, f/p - worm
Aim: a worm (chance to defeat MR: 51%)
The worm resists with some effort.
The worm completely misses you.
A hobgoblin comes into view. It is wielding a club.
You completely miss the rat. The rat misses you.
You hit the rat.
You kill the rat!
The worm bites you!
You see here a rat corpse.
Casting: Ensorcelled Hibernation
Confirm with . or Enter, or press ? or * to list all spells.
Aiming: Ensorcelled Hibernation
Press: ? - help, Shift-Dir - straight line, f/p - worm
Aim: a worm (chance to defeat MR: 51%)
The worm resists with some effort.
The worm bites you!
You die...

#...##...## #..#
#.....[.# ..........##
#.. #.......#
...........### #.#
#.......#
.....$.((....###.#
#........
...........#..)..#####
#.....<..
..........#####....r.#
......... #...##...##
##.###..).........#
#### ##### #w#
####.#..... #@#
#....).# #.# ######..
#.# ##. #.# # ..# .###
g# .# #.


You could see a worm.

Vanquished Creatures
  2 adders (D:2)
  2 oozes (D:2)
  A dart slug (D:1)
  A leopard gecko (D:1)
  4 bats (D:1)
  2 giant cockroaches (D:1)
  A goblin (D:1)
  2 hobgoblins (D:1)
  3 jackals (D:1)
  4 frilled lizards
  7 kobolds
  5 rats
34 creatures vanquished.

Notes
Turn   | Place    | Note
-------+----------+-------------------------------------------
     0 | D:1      | dohliylev the Vampire Enchanter began the quest for the Orb.
     0 | D:1      | Reached XP level 1. HP: 13/13 MP: 3/3
   122 | D:1      | Reached XP level 2. HP: 8/19 MP: 3/5
   165 | D:1      | Learned a level 2 spell: Ensorcelled Hibernation
   354 | D:1      | Reached skill level 5 in Hexes
   429 | D:1      | Reached skill level 5 in Stealth
   599 | D:1      | Reached XP level 3. HP: 22/24 MP: 6/6
  1188 | D:2      | Slain by a worm

Skill      XL: |  1  2 |
---------------+-------+-----
Hexes          | 5 |  5.2
Stealth        | 5 |  5.3
Fighting       | |  0.3
Short Blades   | |  1.5
Dodging        | |  2.7
Spellcasting   | |  2.2
Ice Magic      | |  0.4

Action                   || total
-------------------------++-------
Melee: Dagger            ||    90
       Bite              ||     5
 Cast: Corona            ||     3
       Ensorcelled Hiber ||    14
 Abil: End Transformatio ||     1
       Bat Form          ||     1
 Stab: Sleeping          ||    10
  Eat: Corpse            ||     5
Armor: Robe              ||    28
Dodge: Dodged            ||    92
